[Event "*** Titled Tuesday Blitz"]
[Site "Chess.com"]
[Date "2021.02.02"]
[Round "1"]
[White "LileKoridze"]
[Black "XDPS"]
[Result "0-1"]
[WhiteElo "2380"]
[BlackElo "2711"]
[TimeControl "180+1"]
[EndTime "10:06:48 PST"]
[Termination "XDPS won by resignation"]

1. d4 d5 2. c4 c6 3. Nf3 Nf6 4. Nc3 e6 5. e3 Nbd7 6. Bd3 dxc4 7. Bxc4 b5 8. Bd3 a6 9. O-O c5 10. dxc5 Nxc5 11. Bc2 Bb7 12. Qe2 Be7 13. Rd1 Qb6 14. e4 O-O 15. Be3 Ng4 16. b4 Nxe3 17.
bxc5 Bxc5 18. fxe3 Bxe3+ 19. Kh1 Rac8 20. Rd3 Bf4 21.
Rf1 Qc5 22. Bb1 Qb4 23. Qe1 Rfd8 24. Rxd8+ Rxd8 25. Ne2 Qxe1 26. Rxe1 Bc7 27. Rc1 Bb6 28. h3 g6 29. Bc2 Kg7 30. e5 Bxf3 31. gxf3 Rd2 32. Ng3 Bd4 33. Ne4 Re2 34. Bd3 Re3 35. Bc2 Bxe5 36. Kg2 Bb2 37. Rf1 Bd4 38. Rd1 Re2+ 39.
Kf1 Rxc2 40. Rxd4 Rxa2 41. Rd7 b4 42. Nd6 b3 43. Rxf7+ Kg8 44. Rb7 b2 45. Rb8+ Kg7 46.
Rb7+ Kh6 47. Nf7+ Kh5 48. Ke2 b1=Q+ 0-1

[Event "*** Titled Tuesday Blitz"]
[Site "Chess.com"]
[Date "2021.02.02"]
[Round "1"]
[White "ElCoachRene"]
[Black "KononenkoD"]
[Result "0-1"]
[WhiteElo "2196"]
[BlackElo "2526"]
[TimeControl "180+1"]
[EndTime "10:06:48 PST"]
[Termination "KononenkoD won by resignation"]

1. d4 Nf6 2. Bf4 g6 3. e3 Bg7 4. Nf3 c5 5. c3 cxd4 6. cxd4 O-O 7. h3 Qb6 8. Qc1 d6 9. Nc3 Bf5 10. Be2 Rc8 11. Qd2 Ne4 12. Nxe4 Bxe4 13. Rc1 Rxc1+ 14. Qxc1 Qa5+ 15. Qc3 Nc6 16. a3 Rc8 17. O-O Qxc3 18.
bxc3 Na5 19. Rc1 Nb3 20. Re1 Rxc3 21. Ng5 Bc6 22. Bf3 Nd2 23. Bxc6 bxc6 24. Ra1 h6 25. Nf3 Nxf3+ 26. gxf3 g5 27. Bg3 c5 28. dxc5 Rxc5 29.
Rb1 Ra5 30. Rb8+ Kh7 31. Rb3 Kg6 32. Kf1 f5 33. Ke2 e5 34. f4 gxf4 35. exf4 e4 36.
Bh4 Rc5 37. Be7 Rc2+ 38. Kf1 d5 39. Bd6 Bd4 40. Rg3+ Kf7 41. Rg2 Bb6 42. Be5 d4 43. Rg7+ Ke6 44. Rg6+ Kd5 45. Rxh6 d3 46. Rd6+ Kc4 47.
Rc6+ Kb3 0-1

[Event "*** Titled Tuesday Blitz"]
[Site "Chess.com"]
[Date "2021.02.02"]
[Round "1"]
[White "Rsnr"]
[Black "Chesstrainer1"]
[Result "1-0"]
[WhiteElo "2761"]
[BlackElo "2401"]
[TimeControl "180+1"]
[EndTime "10:06:49 PST"]
[Termination "Rsnr won by resignation"]

1. b3 e5 2. Bb2 Nc6 3. e3 g6 4.
Bb5 Bg7 5. f4 Nge7 6. Nf3 d6 7.
fxe5 O-O 8. O-O dxe5 9. e4 Bg4 10. h3 Bxf3 11. Qxf3 Nd4 12. Qd3 c6 13. Bc4 b5 14.
Na3 bxc4 15. Nxc4 Qc7 16. Rae1 Rad8 17. Qc3 Nc8 18. d3 Nd6 19. Ne3 f5 20. exf5 gxf5 21.
Qc5 Ne6 22. Qa3 Nb5 23. Qa4 Nbd4 24. Qc4 Kh8 25. c3 Nb5 26. Nxf5 Nf4 27. Qe4 Nxd3 28.
Nxg7 Qxg7 29. Rxf8+ Qxf8 30. Rf1 Qc5+ 31. Kh2 Nxb2 32.
Rf7 1-0

[Event "*** Titled Tuesday Blitz"]
[Site "Chess.com"]
[Date "2021.02.02"]
[Round "1"]
[White "Happy1712Drummer"]
[Black "Aygehovit1992"]
[Result "0-1"]
[WhiteElo "2334"]
[BlackElo "2632"]
[TimeControl "180+1"]
[EndTime "10:06:49 PST"]
[Termination "Aygehovit1992 won on time"]

1. Nf3 d5 2. d4 g6 3. c4 Nf6 4. g3 Bg7 5. Bg2 c6 6. O-O O-O 7. cxd5 cxd5 8. Ne5 e6 9. b3 Nfd7 10. Ba3 Nxe5 11. Bxf8 Qxf8 12. dxe5 Bxe5 13. Nd2 Bxa1 14. Qxa1 Nc6 15. e4 d4 16. e5 Qc5 17. f4 d3+ 18.
Kh1 Qe3 19. Ne4 Nd4 20. Re1 Ne2 21. Qd1 Kg7 22. Nf6 Rb8 23. Be4 Nc3 24. Qa1 Qd4 25. Rd1 d2 26. Qb2 Nxd1 27. Qxd4 Nf2+ 28. Qxf2 d1=Q+ 29. Kg2 Bd7 30. Qc5 Bc6 31. Bxc6 bxc6 32. Qxa7 Rd8 33. h4 h5 0-1

[Event "*** Titled Tuesday Blitz"]
[Site "Chess.com"]
[Date "2021.02.02"]
[Round "1"]
[White "PowerThinking2650"]
[Black "almo64"]
[Result "0-1"]
[WhiteElo "2384"]
[BlackElo "2733"]
[TimeControl "180+1"]
[EndTime "10:06:50 PST"]
[Termination "almo64 won by resignation"]

1. e4 c6 2. d4 d5 3. Nc3 dxe4 4.
Nxe4 Nf6 5. Nxf6+ exf6 6. c3 Bd6 7. Bd3 O-O 8. Qc2 Re8+ 9. Ne2 h5 10. Be3 Nd7 11. O-O-O Nf8 12. Kb1 Be6 13. c4 Rc8 14. Ng3 h4 15. Nf5 Ng6 16. Nxd6 Qxd6 17. h3 b5 18. c5 Qd5 19. b3 f5 20. Rhg1 a5 21. g4 hxg3 22. fxg3 a4 23. b4 Rcd8 24.
Rde1 Ne7 25. g4 f4 26. Bxf4 Qxd4 27. Be5 Qxd3 28. Rd1 Qxc2+ 29. Kxc2 Nd5 30. a3 Ne3+ 0-1

[Event "*** Titled Tuesday Blitz"]
[Site "Chess.com"]
[Date "2021.02.02"]
[Round "1"]
[White "davigator"]
[Black "MPGM"]
[Result "1-0"]
[WhiteElo "2325"]
[BlackElo "2592"]
[TimeControl "180+1"]
[EndTime "10:06:51 PST"]
[Termination "davigator won on time"]

1. e4 e5 2. Nf3 Nc6 3. Bb5 a6 4.
Ba4 Nf6 5. O-O Nxe4 6. d4 b5 7. Bb3 d5 8. dxe5 Be6 9. c3 Be7 10.
Nbd2 O-O 11. Bc2 f5 12. exf6 Nxf6 13. Re1 Bg4 14. Qe2 Qd7 15. a4 b4 16. a5 Bd6 17. Qd3 Bh5 18. Ba4 Bg6 19. Qf1 Ne4 20.
Nxe4 dxe4 21. Nd4 Bxh2+ 22. Kxh2 Qd6+ 23. Kg1 Nxd4 24. cxd4 Qxd4 25. Be3 Qxb2 26. Qc4+ Kh8 27. Rab1 Qa3 28. Qxb4 Qxb4 29. Rxb4 Rab8 30. Rc4 Rf5 31. Rxc7 Rxa5 32. Bd7 Re5 33. Ra1 Re7 34. Rc8+ Rxc8 35. Bxc8 h6 36. Rxa6 Kh7 37. Ra7 Rxa7 38. Bxa7 Kg8 39.
Kf1 Bf7 40. Ke2 Bd5 41. Ke3 Kf7 42. Bf5 g6 43. Bxe4 Be6 44. Bb8 h5 45. Be5 Bc4 46. Kf4 Be6 47. Kg5 Bc4 48. Bxg6+ Ke6 49. Bg3 Bf1 50. Be4 Bxg2 51. Bxg2 1-0

[Event "*** Titled Tuesday Blitz"]
[Site "Chess.com"]
[Date "2021.02.02"]
[Round "1"]
[White "paulrusan"]
[Black "googlegoom"]
[Result "1-0"]
[WhiteElo "2261"]
[BlackElo "2542"]
[TimeControl "180+1"]
[EndTime "10:06:51 PST"]
[Termination "paulrusan won on time"]

1. e4 c5 2. b4 cxb4 3. Bb2 e6 4. a3 Nf6 5. e5 Nd5 6. axb4 Bxb4 7. c4 Nb6 8. Qg4 g6 9. h4 h5 10. Qe4 Nc6 11.
Nf3 d5 12. exd6 O-O 13. Ne5 Nxe5 14. Qxe5 f6 15. Qe4 Kf7 16. Bd3 Rg8 17. g4 f5 18.
gxf5 exf5 19. Qf4 Bxd6 20. Qh6 Bf8 21. Qh7+ Bg7 22. Rg1 Qd6 23. c5 Qe6+ 24. Kd1 Kf8 25. Bxg7+ Rxg7 26. Qh8+ Rg8 27. Qh6+ Kf7 28. cxb6 Bd7 29.
Nc3 Bc6 30. Qf4 Rad8 31. Bc4 1-0

[Event "*** Titled Tuesday Blitz"]
[Site "Chess.com"]
[Date "2021.02.02"]
[Round "1"]
[White "Chopper1905"]
[Black "Tekushka"]
[Result "1-0"]
[WhiteElo "2924"]
[BlackElo "2467"]
[TimeControl "180+1"]
[EndTime "10:06:52 PST"]
[Termination "Chopper1905 won on time"]

1. d4 Nf6 2. Nf3 d5 3. Bf4 c5 4. e3 Nc6 5. Nbd2 Bg4 6. c3 e6 7. Bb5 Nd7 8. O-O Be7 9. h3 Bh5 10. Qa4 Qb6 11. Ne5 Ndxe5 12. Bxe5 O-O 13. Bxc6 bxc6 14.
dxc5 Bxc5 15. b4 Be7 16. Nb3 Rfc8 17. Rac1 Be2 18. Rfe1 Bb5 19. Qa3 a5 20. Nxa5 c5 21. Qb2 Bd3 22. Nb3 cxb4 23. Bd4 Qb5 24. cxb4 f6 25.
Bc5 Bxc5 26. Rxc5 Qxb4 27. Rec1 Rxc5 28. Rxc5 Bc4 29. Qd4 Qe1+ 30. Kh2 Qxf2 31. Rc7 Rxa2 32. Qg4 1-0

[Event "*** Titled Tuesday Blitz"]
[Site "Chess.com"]
[Date "2021.02.02"]
[Round "1"]
[White "DinaBelenkaya"]
[Black "Evgeny81"]
[Result "0-1"]
[WhiteElo "2392"]
[BlackElo "2742"]
[TimeControl "180+1"]
[EndTime "10:06:52 PST"]
[Termination "Evgeny81 won by resignation"]

1. e4 e6 2. Qe2 d5 3. exd5 Qxd5 4. Nc3 Qd8 5. Nf3 Nf6 6. g3 b6 7. Bg2 Bb7 8. O-O Be7 9. d4 O-O 10. Rd1 Nbd7 11. b3 Nd5 12. Bb2 Nxc3 13. Bxc3 Nf6 14.
Bb2 a5 15. a3 Re8 16. c4 Qc8 17.
Rac1 c5 18. Qf1 a4 19. bxa4 Rxa4 20. Ne5 cxd4 21. Rxd4 Bxa3 22. Bxa3 Rxa3 23. c5 Bxg2 24. Qxg2 Qxc5 25. Rxc5 Ra1+ 26. Qf1 Rxf1+ 27. Kxf1 bxc5 28.
Rc4 Rc8 29. Ke2 Kf8 30. g4 h6 31. h4 Ke7 32. g5 hxg5 33. hxg5 Nd7 34. Nxd7 Kxd7 35.
Kd3 Kd6 36. Rf4 Rc7 37. Kc4 Rb7 38. Rf3 Rb4+ 39. Kc3 Ke7 40. Rh3 Rg4 41. Rh5 g6 42. Rh8 Rxg5 43. Rc8 Rf5 44. Rc7+ Kd6 45. Rc8 Rxf2 46.
Rd8+ 0-1

[Event "*** Titled Tuesday Blitz"]
[Site "Chess.com"]
[Date "2021.02.02"]
[Round "1"]
[White "pheonixking2000"]
[Black "KetiGrant"]
[Result "1-0"]
[WhiteElo "2713"]
[BlackElo "2380"]
[TimeControl "180+1"]
[EndTime "10:06:52 PST"]
[Termination "pheonixking2000 won on time"]

1. d4 Nf6 2. Bg5 g6 3. Bxf6 exf6 4. c4 Bg7 5. Nc3 f5 6. e3 d6 7. g3 Nd7 8. Bg2 Nf6 9. Nge2 h5 10. h4 O-O 11.
Qc2 Ng4 12. Nf4 Re8 13. O-O-O c6 14. Rhe1 a5 15. Kb1 a4 16. Re2 Qa5 17. a3 Bd7 18. Ka1 Ra7 19. c5 dxc5 20. dxc5 Bc8 21. Na2 Qb5 22.
Red2 Qa5 23. Bf1 Ra8 24. Bc4 Ne5 25. Be2 Be6 26. Nxe6 Rxe6 27. Nb4 Ree8 28. Ka2 Bf8 29. f4 Ng4 30. Bxg4 fxg4 31. Nd3 Rxe3 32. Qc4 Qb5 33. Qd4 Qb3+ 34. Kb1 Rae8 35. Ne5 Bg7 36. Qd7 1-0

[Event "*** Titled Tuesday Blitz"]
[Site "Chess.com"]
[Date "2021.02.02"]
[Round "1"]
[White "NovikovaGalina"]
[Black "DamianoLew95"]
[Result "0-1"]
[WhiteElo "2273"]
[BlackElo "2576"]
[TimeControl "180+1"]
[EndTime "10:06:52 PST"]
[Termination "DamianoLew95 won by resignation"]

1. e4 c5 2. Nf3 d6 3. d4 cxd4 4. Nxd4 Nf6 5. Nc3 Nc6 6. Nb3 g6 7. Be2 Bg7 8. Be3 O-O 9. f3 a6 10.
Qd2 b5 11. O-O-O Bb7 12. h4 h5 13. Bh6 Rc8 14. g4 Ne5 15. Bxg7 Kxg7 16. gxh5 Nxh5 17. f4 Nc4 18. Qd4+ e5 19. fxe5 dxe5 20. Qf2 Qf6 21. Qxf6+ Nxf6 22. h5 Rh8 23. hxg6 Rxh1 24. Rxh1 fxg6 25. Bd3 Nd6 26. Nd2 b4 27. Nd5 Nxd5 28.
exd5 Bxd5 29. Rg1 e4 30. Bxa6 Ra8 31. Be2 Rxa2 32. Kb1 Ra5 33. b3 Nf5 34. Nc4 Bxc4 35. Bxc4 Re5 36. Kb2 Nd4 37. c3 bxc3+ 38. Kxc3 Nf3 39.
Rg3 Kf6 40. b4 Re8 41. b5 Rc8 42. Kb4 Ne5 43. Be2 Kf5 44. b6 Kf4 45. Rg1 Ke3 46. Ba6 Rb8 47. Kc5 Nd7+ 48. Kc6 Rxb6+ 49. Kxd7 Rxa6 0-1

[Event "*** Titled Tuesday Blitz"]
[Site "Chess.com"]
[Date "2021.02.02"]
[Round "1"]
[White "ChessQueen"]
[Black "Sergienko_Sergey"]
[Result "1/2-1/2"]
[WhiteElo "2721"]
[BlackElo "2392"]
[TimeControl "180+1"]
[EndTime "10:06:53 PST"]
[Termination "Game drawn by agreement"]

1. e4 c5 2. c3 d5 3. exd5 Qxd5 4. d4 Nf6 5. Nf3 Bg4 6. Be2 e6 7. h3 Bh5 8. c4 Qd8 9. d5 exd5 10. cxd5 Bd6 11.
Nc3 O-O 12. O-O a6 13. Bg5 Re8 14. Re1 Nbd7 15. Qd2 Qc7 16. Rad1 h6 17. Be3 b5 18.
Nh4 Bxe2 19. Qxe2 Ne5 20. b3 Qd7 21. Qc2 c4 22. Bd4 Nd3 23. Rxe8+ Nxe8 24. bxc4 bxc4 25. Ne4 Rc8 26. Nxd6 Nxd6 27. Ba1 Nf5 28. Nf3 Qxd5 29. Qc3 f6 30. Nd2 Nd6 31. Nxc4 Rxc4 32. Qxd3 Qxd3 33. Rxd3 Rc1+ 34. Kh2 Rxa1 35. Rxd6 Rxa2 36. Kg3 h5 37. h4 Kh7 38. f3 a5 39. Ra6 a4 40. Ra5 Kh6 41. Kh3 a3 42. Kg3 Kg6 43. Kh3 Ra1 1/2-1/2

[Event "*** Titled Tuesday Blitz"]
[Site "Chess.com"]
[Date "2021.02.02"]
[Round "1"]
[White "Vasily85"]
[Black "vugarrasulov"]
[Result "1-0"]
[WhiteElo "2412"]
[BlackElo "2736"]
[TimeControl "180+1"]
[EndTime "10:06:54 PST"]
[Termination "Vasily85 won by resignation"]

1. d4 g6 2. e4 Bg7 3. Nf3 d6 4. Be2 Nf6 5. Nc3 O-O 6. O-O a6 7. a4 b6 8. e5 Ne8 9. Bg5 Bb7 10. Qd2 Nd7 11. Bh6 Rc8 12. Bxg7 Kxg7 13. e6 fxe6 14. Ng5 Rf6 15. Nce4 Nf8 16. Nxf6 exf6 17. Nf3 d5 18. Rfe1 Nd6 19. Bd3 Ne4 20. Qe2 Ra8 21. Nd2 Nd6 22.
c4 dxc4 23. Nxc4 Nf5 24. Bxf5 gxf5 25. Rad1 Kh8 26. Ne3 f4 27. Ng4 Bd5 28. f3 Ng6 29. b4 Qd6 30. Qd2 Kg7 31. Rc1 b5 32. a5 Bc4 33.
Nf2 Rd8 34. Red1 f5 35. Qc3 Kg8 36. Nd3 c6 37. h3 Kf7 38. Ne5+ Nxe5 39. dxe5 Qxd1+ 40. Rxd1 Rxd1+ 41. Kh2 Rd5 42. Qc1 Rd4 43. Qc3 Rd5 44.
Qc1 Rd4 45. Qg1 Rd2 46. Qa7+ Kg6 47. Qxa6 Bf1 48. Qxc6 Bc4 49. a6 Ra2 50. Qb6 Bf1 51. a7 Bxg2 52. Qxe6+ Kg7 53. Qxa2 1-0

[Event "*** Titled Tuesday Blitz"]
[Site "Chess.com"]
[Date "2021.02.02"]
[Round "1"]
[White "GadimbayliA"]
[Black "oneshot007"]
[Result "1-0"]
[WhiteElo "2910"]
[BlackElo "2463"]
[TimeControl "180+1"]
[EndTime "10:06:56 PST"]
[Termination "GadimbayliA won by resignation"]

1. e4 c5 2. Nf3 Nc6 3. Bb5 g6 4.
Bxc6 bxc6 5. d4 cxd4 6. Qxd4 f6 7. O-O Bg7 8. Qa4 Nh6 9. c4 Nf7 10. Nc3 O-O 11. Be3 Qc7 12. Rfd1 d6 13. c5 f5 14. cxd6 exd6 15. Rac1 Rb8 16. Nd5 Qb7 17. Qxc6 Qxc6 18. Rxc6 fxe4 19. Nd2 Bb7 20. Ne7+ Kh8 21. Rc7 Ba8 22. b3 d5 23. Nf1 Rbd8 24. Bd4 Ne5 25. Ne3 Rf7 26. Bxe5 Bxe5 27. Nxg6+ hxg6 28. Rxf7 d4 29. Nc4 Bg7 30. Rxa7 d3 31. Nb6 Bc6 32. Rc7 Bb5 33.
a4 Ba6 34. b4 Bd4 35. Nc4 Rf8 36. Ne3 Bc8 37. Rc4 Bxe3 38. fxe3 Bg4 39. Rd2 Be2 40.
Rc1 Kg7 41. b5 Kf6 42. b6 Ke5 43. a5 Kd6 44. b7 Rb8 45. a6 1-0

[Event "*** Titled Tuesday Blitz"]
[Site "Chess.com"]
[Date "2021.02.02"]
[Round "1"]
[White "chessmadara"]
[Black "verdest"]
[Result "1/2-1/2"]
[WhiteElo "2142"]
[BlackElo "2503"]
[TimeControl "180+1"]
[EndTime "10:06:56 PST"]
[Termination "Game drawn by repetition"]

1. e4 c5 2. Nf3 Nc6 3. d4 cxd4 4.
Nxd4 e5 5. Nb5 d6 6. c4 Be6 7. N1c3 a6 8. Na3 g6 9. Nc2 Bg7 10. Be3 Nf6 11. Be2 O-O 12. O-O Rc8 13. Qd2 Na5 14. b3 b5 15. cxb5 Rxc3 16. Qxc3 Nxe4 17.
Qd3 Bf5 18. g4 Nc5 19. Qd2 Ne4 20. Qb4 Nf6 21. gxf5 gxf5 22. Bg5 e4 23. Ne3 h6 24. Bh4 f4 25. Nc4 Nxc4 26. Bxc4 d5 27. Rad1 Qd7 28.
Kh1 Qh3 29. Bxf6 Qf3+ 30. Kg1 Qg4+ 31. Kh1 Qf3+ 32. Kg1 Qg4+ 33. Kh1 Qf3+ 1/2-1/2

[Event "*** Titled Tuesday Blitz"]
[Site "Chess.com"]
[Date "2021.02.02"]
[Round "1"]
[White "Tenamu"]
[Black "Vanina1989"]
[Result "0-1"]
[WhiteElo "2369"]
[BlackElo "2685"]
[TimeControl "180+1"]
[EndTime "10:06:57 PST"]
[Termination "Vanina1989 won by resignation"]

1. d4 d5 2. Nc3 Nf6 3. Bf4 c6 4. e3 Bf5 5. f3 e6 6. g4 Bg6 7. h4 h6 8. Bd3 Bxd3 9. Qxd3 Qa5 10. O-O-O Na6 11. a3 b5 12. Nb1 b4 13. Ne2 Rc8 14.
g5 Nd7 15. g6 f6 16. e4 c5 17. exd5 c4 18. Qe4 Qxd5 19. Qxd5 exd5 20. Ng3 Nb6 21.
Nf5 Kd7 22. Rhe1 c3 23. axb4 cxb2+ 24. Kxb2 Bxb4 25. c3 Na4+ 26. Ka2 Nxc3+ 27. Nxc3 Rxc3 28. Rf1 Re8 29. Rf2 Bf8 30. h5 Nb4+ 31. Kb1 a5 32.
Bd2 Rb3+ 33. Ka1 Nd3 34. Rh2 Ra3+ 35. Kb1 Rb8+ 0-1

[Event "*** Titled Tuesday Blitz"]
[Site "Chess.com"]
[Date "2021.02.02"]
[Round "1"]
[White "DenishevM"]
[Black "DFeco"]
[Result "1-0"]
[WhiteElo "2556"]
[BlackElo "2243"]
[TimeControl "180+1"]
[EndTime "10:06:57 PST"]
[Termination "DenishevM won by resignation"]

1. d4 d5 2. c4 c6 3. Nf3 Nf6 4. e3 Bf5 5. Qb3 Qc8 6. Nc3 e6 7. Bd2 Nbd7 8. Nh4 Be4 9. f3 dxc4 10. Bxc4 Bd5 11. g3 Be7 12. O-O O-O 13. Ng2 Bxc4 14. Qxc4 c5 15. dxc5 Bxc5 16. Rac1 Ne5 17. Qe2 Qd7 18.
Rfd1 Rad8 19. Be1 Qc6 20. Nh4 Qb6 21. Bf2 Qa5 22. a3 Bb6 23. h3 Qc5 24. Na4 Qa5 25. Nxb6 Qxb6 26. e4 Qb3 27. f4 Rxd1+ 28. Rxd1 Nc4 29.
Nf3 Nxb2 30. Rb1 Nxe4 31. Rxb2 Qa4 32. Rb4 Nc3 33. Rxa4 Nxe2+ 34. Kf1 Nc3 35. Rxa7 Nd5 36. Ne5 Rc8 37. Rxb7 f6 38. Nd3 Rc3 39. Nc5 Rxa3 40. Nxe6 Ra1+ 41. Kg2 Ra2 42. Rxg7+ Kh8 43. Rd7 h6 44.
Rxd5 1-0

[Event "*** Titled Tuesday Blitz"]
[Site "Chess.com"]
[Date "2021.02.02"]
[Round "1"]
[White "AwareIdea"]
[Black "Azerichess"]
[Result "0-1"]
[WhiteElo "2473"]
[BlackElo "3008"]
[TimeControl "180+1"]
[EndTime "10:06:59 PST"]
[Termination "Azerichess won by resignation"]

1. d4 d5 2. Bf4 Nf6 3. e3 c5 4.
c3 e6 5. Nd2 Nc6 6. Ngf3 h6 7.
h3 Bd6 8. Bxd6 Qxd6 9. Bd3 O-O 10. O-O Rd8 11. Re1 b6 12. e4 dxe4 13. Nxe4 Nxe4 14.
Bxe4 Bb7 15. dxc5 Qxc5 16. Qe2 Rd6 17. Rad1 Rad8 18. Rxd6 Qxd6 19. a3 Rd7 20. Bxc6 Qxc6 21. Rd1 f6 22. Rxd7 Qxd7 23. Nd4 e5 24. Nc2 Kf7 25.
f3 Qd5 26. Ne3 Qd7 27. Kf2 b5 28. c4 a6 29. cxb5 axb5 30. Qc2 g6 31. b3 Kg7 32.
a4 bxa4 33. bxa4 f5 34. a5 f4 35. Ng4 h5 36. Qc3 hxg4 37. Qxe5+ Kh7 38. hxg4 Qd2+ 39. Kg1 Qe3+ 40. Qxe3 fxe3 41. Kf1 Ba6+ 42. Ke1 Kg7 43. g3 Kf6 44. f4 Ke6 45. Kd1 Kd5 46. f5 Ke5 47.
fxg6 Kf6 48. g5+ Kxg6 49. Ke1 Kxg5 50. g4 Kxg4 51. Kd1 Kf4 52. Ke1 Kf3 0-1

[Event "*** Titled Tuesday Blitz"]
[Site "Chess.com"]
[Date "2021.02.02"]
[Round "1"]
[White "TimofeevAr"]
[Black "J36225"]
[Result "1-0"]
[WhiteElo "2854"]
[BlackElo "2439"]
[TimeControl "180+1"]
[EndTime "10:06:59 PST"]
[Termination "TimofeevAr won by resignation"]

1. c4 Nf6 2. Nc3 g6 3. g3 Bg7 4. Bg2 O-O 5. d3 d6 6. Nf3 e5 7. O-O Nc6 8. Rb1 a5 9. b3 h6 10. Bb2 Be6 11. h3 d5 12. cxd5 Nxd5 13. Rc1 Nxc3 14. Bxc3 Nd4 15. Nd2 c6 16. Bb2 a4 17.
bxa4 Bxa2 18. e3 Nf5 19. Qc2 Be6 20. Ne4 Bd5 21. Bc3 Nd6 22. a5 Nxe4 23. dxe4 Be6 24. Rfd1 Qc7 25. Qb2 Rfd8 26. Bf1 f6 27. Re1 h5 28.
Rb1 Rd7 29. Kg2 Rad8 30. Rec1 Bf8 31. Be1 c5 32. Bc4 Bxc4 33. Rxc4 Rd1 34. Rcc1 Rxc1 35. Rxc1 Qc6 36. Qb3+ Kg7 37. Qc4 h4 38. g4 Rb8 39.
Bc3 b5 40. axb6 Rxb6 41. Rd1 Rb7 42. Rd5 Rd7 43. g5 Rxd5 44. exd5 Qd6 45. gxf6+ Qxf6 46. f4 Bd6 47. Qe4 Qf5 48. Qxf5 gxf5 49. Bxe5+ Bxe5 50. fxe5 c4 51. Kf2 c3 52. Ke2 1-0

[Event "*** Titled Tuesday Blitz"]
[Site "Chess.com"]
[Date "2021.02.02"]
[Round "1"]
[White "Vusatiuk_Vladimir"]
[Black "cassoulet"]
[Result "0-1"]
[WhiteElo "2399"]
[BlackElo "2757"]
[TimeControl "180+1"]
[EndTime "10:06:59 PST"]
[Termination "cassoulet won by resignation"]

1. d4 Nf6 2. c4 g6 3. Nc3 d5 4.
cxd5 Nxd5 5. Bd2 Bg7 6. e4 Nf6 7. Be3 O-O 8. h3 c5 9. Nf3 Qa5 10. Bd3 Nc6 11. O-O cxd4 12. Nxd4 Nxd4 13. Bxd4 Rd8 14.
Be3 Be6 15. Qe2 a6 16. a3 Rac8 17. Rac1 b5 18. Rfd1 Bb3 19. Bc2 Bc4 20. Bd3 Bb3 21.
Bc2 Bxc2 22. Rxd8+ Qxd8 23. Qxc2 e6 24. Qd2 Qxd2 25. Bxd2 Nd7 26. Ne2 Rxc1+ 27. Bxc1 Nc5 28. Kf1 Nxe4 29. Ke1 Kf8 30. b3 Nc5 31. b4 Nd3+ 32.
Kd2 Nxf2 33. Ke3 Nd1+ 34. Kd2 Nb2 35. Nc3 Nc4+ 36. Kd3 f5 37. Ne2 Ke7 38. a4 e5 39.
axb5 axb5 40. g4 e4+ 41. Kc2 Nd6 42. Bg5+ Ke6 43. Be3 Be5 44. h4 Kd5 45. gxf5 Nxf5 46. Bg5 Nd4+ 47. Kd2 Nxe2 48. Kxe2 Bc3 49. Be7 Kc4 50.
Ke3 Bxb4 51. Bf6 Bc3 52. Bg5 b4 53. Kxe4 b3 54. Bc1 b2 55. Bxb2 Bxb2 56. Kf4 Bc1+ 57. Ke5 Kd3 58. Kf6 Ke4 59. Kg7 Kf5 60. Kxh7 Bf4 61.
Kg7 Bg3 62. Kh6 Bxh4 63. Kg7 Bg5 0-1

[Event "*** Titled Tuesday Blitz"]
[Site "Chess.com"]
[Date "2021.02.02"]
[Round "1"]
[White "mbojan"]
[Black "oogee"]
[Result "1-0"]
[WhiteElo "2666"]
[BlackElo "2357"]
[TimeControl "180+1"]
[EndTime "10:06:59 PST"]
[Termination "mbojan won by checkmate"]

1. Nf3 Nf6 2. g3 g6 3. Bg2 Bg7 4. O-O O-O 5. d3 d5 6. Nbd2 c5 7. e4 Nc6 8. Re1 e5 9. exd5 Nxd5 10. a3 h6 11. Rb1 Be6 12. c4 Nc7 13. b4 cxb4 14.
axb4 Qxd3 15. b5 Nd4 16. Nxe5 Bxe5 17. Rxe5 Rad8 18. Re3 Qf5 19. Bb2 b6 20. Ne4 Bxc4 21. Bxd4 Ne6 22. Nf6+ Kh8 23. Nd7+ Kg8 24. Nxf8 Rxd4 25.
Qe1 Nxf8 26. Ra1 Ne6 27. Rxa7 Bxb5 28. Qa1 Bc4 29. h3 Qc5 30. Kh2 Kg7 31. Rf3 Qe5 32. Rfxf7+ Kh8 33. Ra8+ Nd8 34. Rxd8+ Rxd8 35. Qxe5+ Kg8 36.
Qg7# 1-0

[Event "*** Titled Tuesday Blitz"]
[Site "Chess.com"]
[Date "2021.02.02"]
[Round "1"]
[White "andy_rekt"]
[Black "Berardino"]
[Result "0-1"]
[WhiteElo "2247"]
[BlackElo "2559"]
[TimeControl "180+1"]
[EndTime "10:07:00 PST"]
[Termination "Berardino won on time"]

1. d4 d5 2. c4 e6 3. Nc3 Be7 4. Nf3 Nf6 5. Bf4 O-O 6. e3 b6 7.
Rc1 Bb7 8. cxd5 Nxd5 9. Nxd5 Qxd5 10. a3 c5 11. dxc5 Qxd1+ 12. Rxd1 Bxc5 13. b4 Be7 14. Be2 a5 15. Bd6 Bxd6 16. Rxd6 axb4 17. axb4 Nc6 18. b5 Ra1+ 19. Bd1 Na5 20. O-O Nc4 21.
Rd7 Bd5 22. Bc2 Ra2 23. Bd3 Nd2 24. Nxd2 Rxd2 25. Bb1 Rb2 26. Bd3 f5 27. f3 Ra8 28.
Rf2 Ra1+ 29. Bf1 Rbb1 30. Rb7 Bc4 0-1

[Event "*** Titled Tuesday Blitz"]
[Site "Chess.com"]
[Date "2021.02.02"]
[Round "1"]
[White "AttilaTurzo"]
[Black "politeplayer"]
[Result "1-0"]
[WhiteElo "2526"]
[BlackElo "2200"]
[TimeControl "180+1"]
[EndTime "10:07:00 PST"]
[Termination "AttilaTurzo won on time"]

1. d4 Nf6 2. Nf3 d5 3. Bf4 e6 4.
e3 Bd6 5. Bg3 c5 6. Nbd2 Nc6 7.
c3 b6 8. Bd3 Bb7 9. Qe2 O-O 10.
Rd1 Re8 11. Ne5 Qc7 12. f4 Ne7 13. O-O Nf5 14. Kh1 Nxg3+ 15. hxg3 Ne4 16. Nxe4 dxe4 17. Bb5 Red8 18. a4 a6 19. Bc4 Bc6 20. Kg1 Bxa4 21. Ra1 b5 22. Ba2 b4 23. Bxe6 fxe6 24. Rxa4 bxc3 25.
bxc3 cxd4 26. cxd4 a5 27. Nc4 Bb4 28. Ne5 Rac8 29. Ra2 Qc3 30. Kh2 Rf8 31. Qg4 Rf6 32. Qe2 Rh6+ 33. Kg1 Rd8 34. Rc2 Qa3 35. Nc6 Re8 36. Ne5 Bc3 37. Qc4 Bb4 38. Kf2 Rf6 39. Rfc1 h6 40. Ra2 1-0

[Event "*** Titled Tuesday Blitz"]
[Site "Chess.com"]
[Date "2021.02.02"]
[Round "1"]
[White "Julianos82"]
[Black "esapunov"]
[Result "0-1"]
[WhiteElo "2305"]
[BlackElo "2605"]
[TimeControl "180+1"]
[EndTime "10:07:01 PST"]
[Termination "esapunov won by resignation"]

1. d4 Nf6 2. Nf3 g6 3. c4 Bg7 4.
Nc3 O-O 5. e4 d6 6. Be2 e5 7. Be3 Ng4 8. Bg5 f6 9. Bd2 Nc6 10. d5 Nb8 11. h3 Nh6 12. h4 a5 13.
h5 g5 14. Qc2 Na6 15. Rg1 g4 16. Nh4 f5 17. Bxh6 Qxh4 18. Bxg7 Kxg7 19. g3 Qxh5 20. O-O-O Nc5 21. Bd3 Qg5+ 22. Kb1 f4 23. Rh1 Bd7 24. Rh4 h5 25. Rdh1 Rh8 26. Ne2 Raf8 27. Ka1 b6 28.
R4h2 fxg3 29. Nxg3 h4 30. Nf5+ Bxf5 31. exf5 Nxd3 32. Qxd3 Qxf5 33. Qe2 Qf3 34. Qd2 Qf4 35. Qe2 Rh7 36. a3 h3 37. Rg1 Qxh2 38. Qxg4+ Kh8 39. Ka2 Qxf2 40. a4 h2 41. Rh1 Qf4 0-1

[Event "*** Titled Tuesday Blitz"]
[Site "Chess.com"]
[Date "2021.02.02"]
[Round "1"]
[White "karinachess1"]
[Black "Chess2Hawks"]
[Result "1-0"]
[WhiteElo "2481"]
[BlackElo "1824"]
[TimeControl "180+1"]
[EndTime "10:07:01 PST"]
[Termination "karinachess1 won on time"]

1. Nf3 Nf6 2. c4 e6 3. Nc3 d5 4.
e3 Be7 5. b3 O-O 6. Bb2 c5 7.
cxd5 exd5 8. d4 b6 9. Be2 Bb7 10.
O-O Nc6 11. dxc5 bxc5 12. Na4 Ne4 13. Rc1 Rc8 14. Nd2 Qa5 15. Nxe4 dxe4 16. a3 Rfd8 17.
Qe1 Qxe1 18. Rfxe1 Rd2 19. Bc3 Ra2 20. Ra1 Rxa1 21.
Rxa1 Rd8 22. Kf1 Bc8 23. Bc4 Bd6 24. h3 Kf8 25. Ke2 Ne5 26. Bxe5 Bxe5 27. Rc1 Bd6 28. Rd1 Ke7 29. Nc3 Be6 30. Nxe4 Bxc4+ 31. bxc4 Rd7 32. Rxd6 1-0

[Event "*** Titled Tuesday Blitz"]
[Site "Chess.com"]
[Date "2021.02.02"]
[Round "1"]
[White "anon481216"]
[Black "Man-Chuk"]
[Result "0-1"]
[WhiteElo "2469"]
[BlackElo "2926"]
[TimeControl "180+1"]
[EndTime "10:07:03 PST"]
[Termination "Man-Chuk won by resignation"]

1. d4 d5 2. c4 e6 3. Nf3 c6 4. Nc3 Nf6 5. Bg5 h6 6. Bh4 dxc4 7. e4 b5 8. e5 g5 9. Nxg5 hxg5 10. Bxg5 Be7 11.
exf6 Bxf6 12. Bxf6 Qxf6 13. g3 Bb7 14. Bg2 a6 15. Ne4 Qe7 16. Nc5 Qc7 17. Qf3 Nd7 18. Nxb7 Qxb7 19. Qxc6 Qxc6 20. Bxc6 Rc8 21. Bb7 Rb8 22. Bg2 Nb6 23. O-O-O Ke7 24. d5 exd5 25. Bxd5 Rbd8 26. Bb7 Rxd1+ 27. Kxd1 Na4 28. Kc2 Nc5 29. Bd5 Kd6 30. Bg2 Nd3 31. h3 Re8 32. Bf3 Nxf2 33.
Rh2 Nd3 34. Be2 Nb4+ 35. Kb1 Re3 36. a3 Nc6 37. h4 Nd4 38. Bh5 Re1+ 39. Ka2 Nb3 0-1